Get step-by-step instructions on how to execute this build order below. Start the game timer, and the build order will tick by so you can play in parallel with StarCraft on a second screen or mobile device.

Game Time

  0:00

Last Step

  N/A

Next Step

Upcoming Step



Don't want to look back and forth between 2 screens? Try out our Overwolf App, the Spawning Tool Build Advisor to get an in-game overlay with this build!

Complete Build Order

  12  0:00  SCV  
  13  0:12  SCV  
  14  0:16  Supply Depot  
  14  0:24  SCV  
  14  0:27  Refinery  
  15  0:38  SCV  
  16  0:44  Barracks  
  16  0:50  SCV  
  17  1:03  SCV  
  18  1:15  SCV  
  18  1:18  Engineering Bay  
  19  1:31  Orbital Command, Marine  
  20  1:37  Factory  
  20  1:46  Supply Depot  
  20  1:50  Barracks Reactor  
  20  1:57  SCV  
  21  2:09  SCV  
  22  2:21  SCV  
  23  2:24  Supply Depot  
  23  2:29  Hellion x2  
  27  2:33  SCV  
  28  2:37  Command Center  
  28  2:45  SCV  
  28  2:50  Hellion x2  
  33  2:58  Starport  
  33  2:59  SCV  
  33  3:03  Refinery  
  34  3:10  Supply Depot  
  34  3:13  SCV  
  37  3:20  Cyclone  
  37  3:24  Cyclone  
  39  3:32  SCV  
  40  3:39  Marine  
  40  3:41  Medivac  
  43  3:44  SCV  
  40  3:50  Orbital Command  
  36  3:56  SCV  
  37  4:03  Marine x2  
  37  4:04  Factory Tech Lab  
  37  4:06  Orbital Command  
  37  4:08  SCV  
  37  4:09  Bunker  
  40  4:13  Starport Tech Lab  
  40  4:20  Marine, SCV  
  40  4:21  Marine  
  40  4:23  Siege Tank  
  42  4:32  SCV x2  
  41  4:38  Marine  
  41  4:39  Raven  
  41  4:40  Marine  
  41  4:44  SCV  
  41  4:45  SCV  
  45  4:54  Barracks  
  45  4:56  SCV, Marine  
  45  4:58  Marine  
  45  4:59  Siege Tank  
  51  5:02  SCV  
  51  5:06  Supply Depot  
  52  5:12  Supply Depot  
  52  5:14  SCV x2, Marine  
  52  5:15  Marine  
  52  5:19  Viking  
  58  5:26  SCV  
  58  5:29  Bunker  
  58  5:31  SCV  
  58  5:33  Siege Tank  
  62  5:36  Marine  
  62  5:37  Marine  
  62  5:39  SCV  
  65  5:43  Barracks  
  65  5:45  SCV  
  66  5:51  SCV  
  66  5:53  Stimpack, Supply Depot  
  66  5:55  Marine  
  68  5:57  Marine, SCV  
  68  5:58  Marine  
  68  6:01  Supply Depot  
  68  6:03  SCV  
  72  6:07  Refinery  
  72  6:09  SCV  
  73  6:13  Marine  
  73  6:14  Engineering Bay  
  73  6:15  SCV, Marine  
  73  6:16  Refinery  
  76  6:21  SCV, Marauder  
  76  6:24  Supply Depot  
  79  6:30  SCV  
  79  6:31  Marine  
  81  6:33  SCV, Marine  
  81  6:37  Supply Depot  
  81  6:38  Starport Reactor, Factory Reactor  
  83  6:40  Combat Shield  
  83  6:41  Marauder  
  83  6:42  SCV  
  83  6:43  Marauder  
  88  6:49  Terran Infantry Weapons Level 1, Supply Depot  
  88  6:50  Marine  
  88  6:52  Marine  
  90  6:54  SCV  
  91  7:04  Command Center  
  91  7:07  Marauder  
  93  7:09  Marauder  
  93  7:13  Marine, Supply Depot  
  96  7:16  Widow Mine  
  96  7:18  Marine, Widow Mine  
  96  7:21  Bunker  
  101  7:26  Medivac  
  101  7:27  Medivac  
  105  7:34  Marine, Marauder, Supply Depot  
  108  7:38  Marauder  
  108  7:39  Marine  
  108  7:43  Widow Mine x2  
  115  7:45  SCV  
  115  7:51  Armory  
  116  7:52  Concussive Shells  
  116  7:53  Supply Depot  
  116  7:54  Marine  
  116  7:57  Marine  
  120  7:58  Marauder  
  120  8:01  Marauder  
  120  8:05  Medivac  
  124  8:06  Supply Depot  
  124  8:07  Widow Mine  
  124  8:08  Widow Mine  
  124  8:11  Medivac  
  130  8:15  Marine  
  130  8:16  SCV  
  132  8:21  Orbital Command  
  132  8:22  Marine  
  132  8:23  Marauder  
  134  8:32  Barracks  
  134  8:34  Barracks  
  134  8:38  Widow Mine x2  
  138  8:43  Marine x2  
  138  8:46  Supply Depot  
  140  8:53  Orbital Command  
  140  8:55  Medivac x2  
  144  8:56  Marauder x2  
  144  8:58  Supply Depot  
  144  9:01  SCV, Marine x2  
  151  9:07  Widow Mine  
  151  9:08  Ghost Academy  
  151  9:09  Widow Mine  
  155  9:16  SCV x2, Supply Depot  
  156  9:18  Marauder x2  
  156  9:20  Marine  
  156  9:21  Marine  
  156  9:23  Barracks Tech Lab  
  156  9:24  Barracks Tech Lab